 Dungeon Crawl Stone Soup version 0.25-a0-1007-g10a8c3caa8 (webtiles) character file.

Game seed: 8076273494420946704, levelgen mode: deterministic

53 wullow the Firebug (level 3, 0/24 HPs)
             Began as a Demonspawn Fire Elementalist on May 11, 2020.
             Slain by a jackal (2 damage)
             ... on level 2 of the Dungeon.
             The game lasted 00:06:52 (2432 turns).

wullow the Firebug (Demonspawn Fire Elementalist)   Turns: 2432, Time: 00:06:53

Health: 0/24       AC:  2    Str:  8    XL:     3   Next: 64%
Magic:  0/6        EV: 12    Int: 17    God:
Gold:   97         SH:  0    Dex: 13    Spells: 2/6 levels left

rFire    . . .     SeeInvis .   b - +0 dagger
rCold    . . .     Gourm    .   (no shield)
rNeg     . . .     Faith    .   a - +0 robe
rPois    .         Spirit   .   (helmet restricted)
rElec    .         Reflect  .   (no cloak)
rCorr    .         Harm     .   (no gloves)
MR       .....                  (no boots)
Stlth    ++........             (no amulet)
HPRegen  0.08/turn              (no ring)
MPRegen  0.10/turn              (no ring)

@: no status effects
A: antennae 1
a: no special abilities


You were on level 2 of the Dungeon.
You were not hungry.

You visited 1 branch of the dungeon, and saw 2 of its levels.

You collected 97 gold pieces.

Inventory:

Hand Weapons
 b - a +0 dagger (weapon)
 e - a +2 antimagic mace
 q - a +1 mace of protection
Missiles
 d - 59 bolts
 i - 32 stones (quivered)
Armour
 a - a +0 robe (worn)
Jewellery
 k - an uncursed amulet of guardian spirit
Wands
 p - a wand of flame (11)
Scrolls
 f - a scroll of enchant armour {unknown}
 g - a scroll of amnesia {unknown}
 l - a scroll of fear {unknown}
 m - a scroll of teleportation {unknown}
 n - a scroll of noise {unknown}
 s - a scroll of identify {unknown}
Potions
 h - a potion of heal wounds {unknown}
 j - 3 potions of curing {unknown}
 r - a potion of resistance {unknown}
 t - a potion of might {unknown}
 u - a potion of invisibility {unknown}
Comestibles
 c - 4 rations
 o - 2 chunks of flesh


   Skills:
 - Level 1.7 Dodging
 - Level 1.7 Stealth
 + Level 2.4 Spellcasting
 * Level 2.3 Conjurations
 * Level 3.4 Fire Magic


You had 2 spell levels left.
You knew the following spells:

 Your Spells              Type           Power        Failure   Level  Hunger
a - Foxfire               Conj/Fire      ##..         6%          1    #......
b - Conjure Flame         Conj/Fire      ##......     17%         3    ###....

Your spell library contained the following spells:

 Spells                   Type           Power        Failure   Level  Hunger
 Inner Flame              Hex/Fire       #.......     28%         3    ###....
 Sticky Flame             Conj/Fire      ##......     50%         4    #####..
 Fireball                 Conj/Fire      ##........   85%         5    ######.


Dungeon Overview and Level Annotations

Branches:
Dungeon (2/15)

Altars:
Elyvilon
Wu Jian


Innate Abilities, Weirdness & Mutations

You have a pair of small antennae on your head.


Message History

You kill the jackal!
The jackal bites you.
* * * LOW HITPOINT WARNING * * *
Casting: Foxfire (safe; 6% risk of failure)
Confirm with . or Enter, or press ? or * to list all spells.
You conjure some foxfire!
The jackal barely misses you. x2
Your foxfire dissipates!
The jackal closely misses you.
You see here a jackal corpse.
The jackal bites you but does no damage.
The jackal barks!
The jackal barely misses you. The jackal closely misses you.
The jackal barely misses you.
Casting: Foxfire (safe; 6% risk of failure)
Confirm with . or Enter, or press ? or * to list all spells.
You conjure some foxfire!
The jackal misses you.
Your foxfire dissipates!
The jackal bites you.
You die...

#....##...........#.####.####..._
...#................# #.......#.
.....##.............# #.##.#....
...########....###..####.##.#....
...# #...................... .###
#...#######.##.##.##.## .# #...#
#.##.##.##.# .#
##.########.##.......## .#
#....@hlhh.#####.....> ##
#########..#####..#.#. #
#########.........#.#. #
#########.........#######.#... #
##......##.######h.# #.###.
......#...h######..# #.###.
......)..Kh†h.#....# #.....
.#.....#h###.#h##.# ######
..........###.#.##†#


You could see 3 jackals and a frilled lizard.

Vanquished Creatures
  An adder (D:2)
  2 worms (D:2)
  2 leopard geckos
  2 giant cockroaches (D:1)
  7 goblins
  4 hobgoblins
  3 jackals (D:2)
  6 bats
  3 frilled lizards (D:1)
  2 kobolds
  2 rats (D:2)
34 creatures vanquished.

Vanquished Creatures (others)
  55 foxfires
55 creatures vanquished.

Grand Total: 89 creatures vanquished

Notes
Turn   | Place    | Note
-------+----------+-------------------------------------------
     0 | D:1      | wullow the Demonspawn Fire Elementalist began the quest for
                  | the Orb.
     0 | D:1      | Reached XP level 1. HP: 13/13 MP: 3/3
   525 | D:1      | Gained mutation: You have a pair of small antennae on your
                  | head. [demonic ancestry]
   525 | D:1      | Reached XP level 2. HP: 19/19 MP: 5/5
   608 | D:1      | Reached skill level 3 in Fire Magic
  1954 | D:2      | Reached XP level 3. HP: 23/24 MP: 1/6
  2070 | D:2      | Learned a level 3 spell: Conjure Flame
  2117 | D:2      | Found an ornate altar of the Wu Jian Council.
  2385 | D:2      | Found a white marble altar of Elyvilon.
  2418 | D:2      | HP: 1/24 [jackal (2)]
  2432 | D:2      | Slain by a jackal

Illustrated notes

Levels and vault maps discovered:
D:1:      tarquinn_simple_flora_water_b, layout_loops_ring
D:2:      layout_loops_cross, lemuel_crystal_altar, elyvilon_altar_5,
          first_ration, hangedman_decor_peaks_small

Skill      XL: |  1  2 |
---------------+-------+-----
Fire Magic     | 3 |  3.4
Conjurations   | 2 |  2.3
Dodging        | |  1.7
Stealth        | |  1.7
Spellcasting   | |  2.4

Action                   || total
-------------------------++-------
Melee: Dagger            ||    98
 Cast: Foxfire           ||    45
 Stab: Sleeping          ||     2
  Eat: Chunk             ||     5
Armor: Robe              ||    36
Dodge: Dodged            ||   122

Table legend:
 A = Non-vault XP
 B = Vault XP
 C = Vault XP percentage of total XP
 D = Non-vault monster count
 E = Vault monster count
 F = Vault count percentage of total count
                 A         B        C        D         E       F
            +---------+---------+-------+---------+---------+-------
      Total |      77 |       0 |   0.0 |      34 |       0 |   0.0
            +---------+---------+-------+---------+---------+-------
        D:1 |      30 |       0 |   0.0 |      18 |       0 |   0.0
        D:2 |      47 |       0 |   0.0 |      16 |       0 |   0.0
            +---------+---------+-------+---------+---------+-------
